 Dungeon Crawl Stone Soup version 0.30-a0-778-g2ef04afb54 (webtiles) character file.

Game seed: 12543323782163576661

42 Wobber the Insei (level 3, -1/23 HPs)
             Began as an Octopode Transmuter on Feb 17, 2023.
             Slain by an adder (3 damage)
             ... on level 2 of the Dungeon.
             The game lasted 00:03:27 (976 turns).

Wobber the Insei (Octopode Transmuter)               Turns: 976, Time: 00:03:28

Health: -1/23      AC:  1    Str:  9    XL:     3   Next: 56%
Magic:  5/6        EV: 13    Int: 17    God:
Gold:   76         SH:  0    Dex: 12    Spells: 4/7 levels left

rFire   . . .      SeeInvis .      - Unarmed
rCold   . . .      Faith    .    (no shield)
rNeg    . . .      Spirit   .    (helmet currently unavailable)
rPois   .          Reflect  .    (no amulet)
rElec   .          Harm     .    (no ring)
rCorr   .          Rampage  .    (no ring)
Will    .....                    (no ring)
Stlth   ++                       (no ring)
HPRegen 0.23/turn                (no ring)
MPRegen 0.10/turn                (no ring)
                                 (no ring)
                                 (no ring)

@: lethally poisoned (-1 -> -10), appendages (expiring)
A: tentacle spike 3, almost no armour, amphibious, 8 rings, camouflage 1,
gelatinous body 1, (nimble swimmer 1), tentacles
a: End Transformation


You were on level 2 of the Dungeon.
One of your tentacles had grown a beastly spike.
You visited 1 branch of the dungeon, and saw 2 of its levels.

You collected 76 gold pieces.

Inventory:

Hand Weapons
 a - a +0 heavy sling
Wands
 b - a wand of light (11)
Potions
 e - a potion of magic {unknown}
 f - a potion of flight {unknown}
 g - a potion of haste {unknown}
 j - a potion of lignification


   Skills:
 - Level 1.1 Fighting
 - Level 2.0 Dodging
 - Level 3.0 Unarmed Combat
 + Level 2.5 Spellcasting
 * Level 3.0 Transmutations
 * Level 0.6 Ice Magic


You had 4 spell levels left.
You knew the following spells:

 Your Spells              Type           Power      Damage    Failure   Level
a - Beastly Appendage     Tmut           24%        N/A       5%          1
b - Wereblood             Tmut           12%        N/A       8%          2

Your spell library contained the following spells:

 Spells                   Type           Power      Damage    Failure   Level
 Kiss of Death            Conj/Necr      8%         2d6       19%         1
 Ensorcelled Hibernation  Hex/Ice        6%         N/A       24%         2
 Spider Form              Tmut/Pois      7%         N/A       30%         3
 Confusing Touch          Hex            2%         N/A       50%         3
 Ice Form                 Ice/Tmut       8%         N/A       65%         4
 Anguish                  Hex/Necr       1%         N/A       88%         4
 Dispel Undead            Necr           2%         3d7       88%         4


Dungeon Overview and Level Annotations

Branches:
Dungeon (2/15)

Altars:


Innate Abilities, Weirdness & Mutations

One of your tentacles has grown a beastly spike.
You cannot wear most types of armour.
You are amphibious.
You can wear up to eight rings at the same time.
Your skin changes colour to match your surroundings (Stealth+).
Your rubbery body absorbs attacks. (AC +1, EV +1)
((You are camouflaged when in or above water. (Stealth+)))
You have tentacles for arms and can constrict up to eight enemies at once.


Message History

You are poisoned.
The adder poisons you! The adder closely misses you.
You are now empty-tentacled.
You feel sick. The adder bites you.
You are more poisoned.
The adder poisons you! The adder bites you but does no damage.
You miss the adder. Your grab misses the adder.
Your tentacle spike misses the adder.
Your squeeze misses the adder.
You feel sick. The adder bites you but does no damage. The adder bites you.
You tentacle-slap the adder. Your grab misses the adder.
Your tentacle spike misses the adder.
The adder is lightly wounded.
You feel sick. The adder barely misses you. The adder closely misses you.
You miss the adder. You grab the adder.
You pierce the adder.
The adder is heavily wounded.
Your transformation is almost over.
You constrict the adder.
You feel sick. The adder completely misses you. The adder bites you.
You tentacle-slap the adder.
You pierce the adder.
You kill the adder!
You feel sick. The adder bites you.
* * * LOW HITPOINT WARNING * * *
The adder barely misses you.
Your Transmutations skill increases to level 3!
It was a potion of curing.
You feel better.
A giant cockroach comes into view.
The adder bites you.
You are poisoned.
The adder poisons you!
The frilled lizard attacks as you move away!
The frilled lizard bites you.
* * * LOW HITPOINT WARNING * * *
You feel sick. The adder attacks as you move away! The adder bites you.
* * * LOW HITPOINT WARNING * * *
You are more poisoned.
The adder poisons you!
* * * LOW HITPOINT WARNING * * *
You feel very sick. The adder bites you.
You die...

..~..~..~..~~~#
...~~.(~..~~~#
.......~..~.# #
###........~~..# .#
####.#.#............#..#
..........[...........
...#........JK...##..#
#..#..#.#####Sl....... #
#..#..#.# #@.#######
#.#..#..#.#####..#
#..............†.#
##...<.....#####.#
.............# #.#
###..##.#....####.# #..
#.##........#######. #.
#.##.#.####......... ##
#.##.#.# #.########


You could see an adder, an endoplasm, a kobold and a frilled lizard.

Vanquished Creatures
  A gnoll (D:1)
  An adder (D:2)
  A dart slug (D:1)
  An endoplasm (D:1)
  2 giant cockroaches
  2 goblins (D:1)
  3 hobgoblins (D:1)
  3 kobolds (D:1)
  3 quokkas
  A ball python (D:1)
  A bat (D:1)
19 creatures vanquished.

Vanquished Creatures (others)
  2 plants (D:1)
2 creatures vanquished.

Grand Total: 21 creatures vanquished

Notes
Turn   | Place    | Note
-------+----------+-------------------------------------------
     0 | D:1      | Wobber the Octopode Transmuter began the quest for the Orb.
     0 | D:1      | Reached XP level 1. HP: 13/13 MP: 3/3
   127 | D:1      | Reached XP level 2. HP: 18/18 MP: 3/5
   287 | D:1      | Reached XP level 3. HP: 23/23 MP: 4/6
   290 | D:1      | Learned a level 2 spell: Wereblood
   976 | D:2      | Slain by an adder

Illustrated notes

Levels and vault maps discovered:
D:1:      dpeg_arrival_water_fire, layout_basic, serial_bayou_crossing
D:2:      cheibrodos_helix_gallery, layout_loops_ring,
          shapermc_ecumenical_altar_petra

Skill      XL: |  1  2  3 |
---------------+----------+-----
Transmutations | 3 |  3.0
Fighting       | |  1.1
Dodging        | |  2.0
Unarmed Combat | |  3.0
Spellcasting   | |  2.5
Ice Magic      | |  0.6

Action                     || total
---------------------------++-------
  Melee: Unarmed           ||    38
         Kick              ||    15
         Tentacles         ||     6
         Constrict         ||    11
         Punch             ||     2
   Fire: Sling             ||     4
   Cast: Beastly Appendage ||    14
    Use: Scroll            ||     4
         Potion            ||     1
   Stab: Sleeping          ||     2
 Armour: Skin              ||     5
  Dodge: Dodged            ||    22

Table legend: (Time is in decaauts)
 A = Elapsed time spent in this place.
 B = Non-inter-level travel time spent in this place.
 C = Inter-level travel time spent in this place.
 D = Time resting spent in this place.
 E = Time spent auto-exploring this place.
 F = Levels seen in this place.
 G = Mean time per level.
                   A        B        C        D        E       F      G
               +--------+--------+--------+--------+--------+-----+--------+
         Total |    976 |    913 |     63 |     11 |    725 |   2 |  488.0 |
       Dungeon |    976 |    913 |     63 |     11 |    725 |   2 |  488.0 |
               +--------+--------+--------+--------+--------+-----+--------+

Top non-repeatable levels by time:
     D:1: 916 daAuts
     D:2: 60 daAuts
